 Dungeon Crawl Stone Soup version 0.27.1-4-g1640c2035a (webtiles) character file.

Game seed: 2693365929547137782

12047 unlimited1921 the Nimble (level 11, -5/76 (84) HPs)
             Began as a Gnoll Arcane Marksman on Nov 8, 2021.
             Was an Initiate of Gozag.
             Shot with a bolt by an orc knight (26 damage)
             ... on level 2 of the Orcish Mines.
             The game lasted 03:24:12 (26892 turns).

unlimited1921 the Nimble (Gnoll Arcane Marksman)   Turns: 26892, Time: 03:24:12

HP:   -5/76 (84)    AC:  7    Str: 13    XL:     11   Next: 87%
MP:   8/22          EV: 16    Int: 18    God:    Gozag
Gold: 2649          SH:  6    Dex: 17    Spells: 5/24 levels left

rFire    . . .     SeeInvis +   E - +1 flail (protect)
rCold    . . .     Faith    .   q - +0 buckler
rNeg     . . .     Spirit   .   N - +2 leather armour {Will+}
rPois    +         Reflect  .   (no helmet)
rElec    .         Harm     .   (no cloak)
rCorr    .         Rampage  .   h - +0 pair of gloves
Will     ++...                  (no boots)
Stlth    +++.......             M - amulet of Ipezay Sicu {Will+ Regen+ Str+4 Int+2 Dex+4}
HPRegen  1.22/turn              G - ring of poison resistance
MPRegen  0.18/turn              S - ring of see invisible

@: drained
A: fangs 1, strong nose, distributed training
a: Renounce Religion, Potion Petition, Call Merchant, Bribe Branch


You were on level 2 of the Orcish Mines.
You worshipped Gozag.
Gozag was most pleased with you.
You visited 3 branches of the dungeon, and saw 12 of its levels.

You collected 2709 gold pieces.
You paid 60 gold pieces to Gozag.

Inventory:

Hand Weapons
 a - a +1 hand crossbow of venom
 d - a +0 shortbow of freezing
 j - a +0 hunting sling
 A - a +1 vorpal flail
 D - a +2 whip of venom
 E - a +1 flail of protection (weapon)
 O - a +0 flail of pain
 Q - a +0 scimitar
 R - the +7 mace of Variability {chain chaos}
   (You found it on level 8 of the Dungeon)

   Each time it hits an enemy it has a different, random effect.
   It occasionally unleashes arcs of chaos on nearby creatures upon striking a
   foe.
 W - a +7 eveningstar
Missiles
 c - a bolt
 g - 5 poisoned darts (quivered)
 m - 242 stones
 y - 220 arrows
 I - 8 javelins
 K - 28 sling bullets
 P - 48 boomerangs
Armour
 h - a +0 pair of gloves (worn)
 q - a +0 buckler (worn)
 r - a +0 kite shield
 u - a +2 robe of cold resistance
 w - a +0 ring mail of positive energy
 N - a +2 leather armour of willpower (worn)
 V - the +3 chain mail "Plog" {Drain rF++ rC+}
   (You found it on level 9 of the Dungeon)

   rF:        It greatly protects you from fire.
   rC:        It protects you from cold.
   Drain:     It drains your maximum health when unequipped.
Jewellery
 b - a ring of ice
 C - an amulet of regeneration
 G - a ring of poison resistance (left hand)
 M - the amulet of Ipezay Sicu (around neck) {Will+ Regen+ Str+4 Int+2 Dex+4}
   (You found it on level 6 of the Dungeon)

   [amulet of regeneration]

   Str:       It affects your strength (+4).
   Int:       It affects your intelligence (+2).
   Dex:       It affects your dexterity (+4).
   Regen:     It increases your rate of health regeneration.
   Will:      It increases your willpower.
 S - a ring of see invisible (right hand)
 U - a ring of flight
Wands
 x - a wand of paralysis (12)
Scrolls
 e - a scroll of noise {unknown}
 i - a scroll of amnesia {unknown}
 n - 2 scrolls of teleportation
 o - 4 scrolls of enchant weapon
 s - a scroll of enchant armour {unknown}
 t - a scroll of magic mapping
 v - a scroll of fear
 B - 3 scrolls of immolation
Potions
 f - a potion of heal wounds {unknown}
 k - a potion of might
 l - 2 potions of cancellation
 z - a potion of curing
 F - 2 potions of flight
 H - a potion of attraction {unknown}
 L - a potion of ambrosia {unknown}
 T - a potion of lignification {unknown}


   Skills:
 + Level 7.2 Fighting
 + Level 6.7 Short Blades
 + Level 6.7 Long Blades
 + Level 6.7 Axes
 + Level 6.7 Maces & Flails
 + Level 6.7 Polearms
 + Level 6.7 Staves
 + Level 6.7 Slings
 + Level 6.7 Bows
 + Level 8.2 Crossbows
 + Level 6.7 Throwing
 + Level 6.7 Armour
 + Level 8.2 Dodging
 + Level 6.7 Stealth
 + Level 6.7 Shields
 + Level 6.7 Unarmed Combat
 + Level 7.3 Spellcasting
 + Level 5.5 Conjurations
 + Level 7.9 Hexes
 + Level 5.5 Summonings
 + Level 5.5 Necromancy
 + Level 5.5 Translocations
 + Level 5.5 Transmutations
 + Level 5.5 Fire Magic
 + Level 5.5 Ice Magic
 + Level 5.5 Air Magic
 + Level 5.5 Earth Magic
 + Level 5.5 Poison Magic
 + Level 7.3 Invocations
 + Level 6.7 Evocations


You had 5 spell levels left.
You knew the following spells:

 Your Spells              Type           Power      Damage    Failure   Level
a - Corona                Hex            38%        N/A       1%          1
b - Slow                  Hex            35%        N/A       1%          2
c - Inner Flame           Hex/Fire       30%        N/A       2%          3
d - Portal Projectile     Hex/Tloc       60%        N/A       2%          3
e - Summon Guardian Gole  Hex/Summ       30%        N/A       2%          3
f - Call Canine Familiar  Summ           26%        N/A       4%          3
g - Petrify               Tmut/Erth      26%        N/A       13%         4

Your spell library contained the following spells:

 Spells                   Type           Power      Damage    Failure   Level
 Summon Small Mammal      Summ           100%       N/A       1%          1
 Static Discharge         Conj/Air       26%        N/A       1%          2
 Dazzling Flash           Conj/Hex       60%        N/A       2%          3
 Cause Fear               Hex            17%        N/A       4%          4
 Animate Armour           Summ/Erth      52%        N/A       13%         4
 Dispel Undead            Necr           26%        3d13      13%         4
 Iskenderun's Mystic Bla  Conj/Tloc      26%        2d7       13%         4
 Sticky Flame             Conj/Fire      26%        2d5       13%         4
 Metabolic Englaciation   Hex/Ice        15%        N/A       22%         5
 Blade Hands              Tmut           13%        N/A       36%         5
 Iron Shot                Conj/Erth      13%        9d3       90%         6
 Starburst                Conj/Fire      13%        6d5       90%         6
 Statue Form              Tmut/Erth      17%        N/A       90%         6
 Malign Gateway           Summ/Tloc      13%        N/A       100%        7
 Borgnjor's Revivificati  Necr           13%        N/A       100%        8
 Necromutation            Tmut/Necr      13%        N/A       100%        8
 Summon Horrible Things   Summ           13%        N/A       100%        8
 Death's Door             Necr           13%        N/A       100%        9


Dungeon Overview and Level Annotations

Branches:
Dungeon (9/15)             Temple (1/1) D:4             Orc (2/2) D:9
    Elf (0/3) Orc:2
   Lair: D:8-11

Altars:
Ashenzari
Cheibriados
Dithmenos
Elyvilon
Fedhas
Gozag
Hepliaklqana
Kikubaaqudgha
Makhleb
Nemelex Xobeh
Okawaru
Qazlal
Ru
Sif Muna
Trog
Uskayaw
Vehumet
Wu Jian
Xom
Yredelemnul
Zin
The Shining One
Beogh

Annotations:
D:3 3 runed translucent doors, Tinkle's ghost, amateur MiBe


Innate Abilities, Weirdness & Mutations

You have very sharp teeth.
Your uncanny sense of smell can sniff out nearby items.
Your experience applies equally to all skills.


Message History

Casting: Inner Flame (mildly dangerous; 2% risk of failure)
Confirm with . or Enter, or press ? or * to list all spells.
You don't know that spell.
Unknown command.
Unknown command.
Casting: Inner Flame (mildly dangerous; 2% risk of failure)
Confirm with . or Enter, or press ? or * to list all spells.
Aiming: Inner Flame (mildly dangerous; 2% risk of failure)
Press: ? - help, Shift-Dir - straight line The orc warrior barely resists.
Your guardian golem overheats!
Casting: Inner Flame (mildly dangerous; 2% risk of failure)
Confirm with . or Enter, or press ? or * to list all spells.
The orc warrior shoots a bolt.
The bolt hits you.
The orc warrior shoots a bolt.
The bolt hits you!
The orc knight shoots a bolt.
The bolt misses you.
The orc warrior shoots a bolt.
You block the bolt.
Your hound misses the orc warrior.
The orc warrior shoots a bolt.
The bolt barely misses you.
Your hound closely misses the orc warrior.
The orc knight shoots a bolt.
The bolt hits you!!
There is a stone staircase leading up, spattered with blood here.
Throw: 6 darts (poison)
Press: ? - help, Q - select action, (/) - cycle Shift-Dir - straight line, f - guardian golem
Aim: a guardian golem (almost destroyed, summoned, inner flame, friendly, 91% to hit)
Really fire in your hound's direction?
You throw a poisoned dart.
The poisoned dart barely misses your hound.
The poisoned dart hits your guardian golem!
Your guardian golem is almost destroyed.
Your guardian golem disappears in a puff of smoke!
Your hound bites the orc warrior.
The orc warrior shoots a bolt.
The bolt hits you!
* * * LOW HITPOINT WARNING * * *
The orc knight roars a battlecry!
The orc warrior goes into a battle-frenzy!
Your hound bites the orc warrior.
The orc warrior shoots a bolt.
The bolt misses you.
The orc knight shoots a bolt.
The bolt hits you!!
You die...
Your body crumbles into a pile of gold.

##....).[#...#
.##.##
#..[.o..#..## ##
... #...)......####
..
##..)......)...##
#[[.............#
#.......§.§....##
#.[.....$)h§..##
#.......§§§o..#.
#......@........
#................
#......(..#...(...
#.$...........#...#
##..$..............
#..........#......
#...........#.#.#
##..........##.##
#..........##...#


You could see an orc knight, an orc warrior (strong, ally target) and a friendly
hound (summoned).

Vanquished Creatures
  Urug (Orc:2)
  An orc sorcerer (Orc:2)
  2 cyclopes
  A hornet (D:9)
  2 trolls
  A steam dragon (D:8)
  3 chaos spawn (D:8)
  3 wargs
  A water moccasin (D:8)
  An ice beast (D:5)
  A sky beast (D:8)
  20 orc warriors
  A black bear (D:7)
  2 ogres (D:6)
  4 phantoms (D:6)
  4 centaurs
  A kobold brigand (D:8)
  A bullfrog (D:8)
  2 scorpions
  2 water moccasin zombies (D:5)
  9 killer bees
  2 howler monkeys
  A bullfrog zombie (D:7)
  8 orc priests
  3 hounds
  4 jellies
  A centaur skeleton (D:7)
  A gnoll shaman (Orc:2)
  A bullfrog skeleton (D:6)
  7 orc wizards
  5 iguanas
  2 scorpion zombies (D:5)
  A hound zombie (D:5)
  2 hound skeletons (D:5)
  A howler monkey zombie (D:9)
  An adder (D:2)
  7 gnolls
  3 howler monkey skeletons
  A white imp (D:7)
  A worm (D:4)
  48 orcs
  4 bats
  5 endoplasms
  5 giant cockroaches
  2 goblins
  7 hobgoblins
  6 jackals
  9 kobolds
  2 quokkas
  5 ball pythons
  3 frilled lizards
  3 rats
214 creatures vanquished.

Vanquished Creatures (collateral kills)
  4 orc warriors
  An ogre (Orc:1)
  An orc wizard (Orc:1)
  10 orcs
16 creatures vanquished.

Vanquished Creatures (others)
  An orc warlord (Orc:2)
  2 orc knights (Orc:1)
  An orc sorcerer (Orc:2)
  A wraith (D:9)
  A water moccasin (D:9)
  8 orc warriors
  An ogre (D:9)
  A centaur (Orc:2)
  3 killer bees (D:9)
  2 orc priests
  A gnoll (Orc:2)
  2 orcs (Orc:2)
24 creatures vanquished.

Grand Total: 254 creatures vanquished

Notes
Turn   | Place    | Note
-------+----------+-------------------------------------------
     0 | D:1      | unlimited1921 the Gnoll Arcane Marksman began the quest for
                  | the Orb.
     0 | D:1      | Reached XP level 1. HP: 17/17 MP: 4/4
   554 | D:1      | Reached XP level 2. HP: 23/23 MP: 3/5
  1431 | D:2      | Reached XP level 3. HP: 28/28 MP: 5/7
  1550 | D:2      | Reached skill level 1 in Invocations
  1746 | D:2      | Found a faded altar of an unknown god.
  1975 | D:3      | Found a bloodstained altar of Trog.
  1982 | D:3      | Reached skill level 1 in Short Blades
  1982 | D:3      | Reached skill level 1 in Long Blades
  1982 | D:3      | Reached skill level 1 in Axes
  1982 | D:3      | Reached skill level 1 in Maces & Flails
  1982 | D:3      | Reached skill level 1 in Polearms
  1982 | D:3      | Reached skill level 1 in Staves
  1982 | D:3      | Reached skill level 1 in Slings
  1982 | D:3      | Reached skill level 1 in Bows
  1982 | D:3      | Reached skill level 1 in Throwing
  1982 | D:3      | Reached skill level 1 in Armour
  1982 | D:3      | Reached skill level 1 in Stealth
  1982 | D:3      | Reached skill level 1 in Shields
  1982 | D:3      | Reached skill level 1 in Unarmed Combat
  1982 | D:3      | Reached skill level 1 in Evocations
  1982 | D:3      | Reached XP level 4. HP: 22/34 MP: 6/8
  2870 | D:3      | Found a runed translucent gate.
  2871 | D:3      | Found a runed translucent gate.
  2872 | D:3      | Found a runed translucent gate.
  2873 | D:3      | Noticed Tinkle's ghost (amateur MiBe)
  3052 | D:3      | Reached skill level 1 in Conjurations
  3052 | D:3      | Reached skill level 1 in Summonings
  3052 | D:3      | Reached skill level 1 in Necromancy
  3052 | D:3      | Reached skill level 1 in Translocations
  3052 | D:3      | Reached skill level 1 in Transmutations
  3052 | D:3      | Reached skill level 1 in Fire Magic
  3052 | D:3      | Reached skill level 1 in Ice Magic
  3052 | D:3      | Reached skill level 1 in Air Magic
  3052 | D:3      | Reached skill level 1 in Earth Magic
  3052 | D:3      | Reached skill level 1 in Poison Magic
  3314 | D:4      | Learned a level 2 spell: Slow
  3663 | D:4      | Reached XP level 5. HP: 34/40 MP: 6/9
  3714 | D:4      | Found a staircase to the Ecumenical Temple.
  4029 | Temple   | Entered the Ecumenical Temple
  4060 | Temple   | Became a worshipper of Gozag Ym Sagoz the Greedy
  4242 | D:4      | Reached XP level 6. HP: 34/47 MP: 8/10
  4710 | D:4      | Reached skill level 5 in Crossbows
  4710 | D:4      | Reached skill level 5 in Dodging
  5510 | D:4      | Learned a level 3 spell: Inner Flame
  5514 | D:4      | Learned a level 3 spell: Portal Projectile
  5515 | D:5      | Entered Level 5 of the Dungeon
  5841 | D:5      | Noticed an ice beast
  5850 | D:5      | Killed an ice beast
  5851 | D:5      | Reached XP level 7. HP: 52/52 MP: 4/12
  7615 | D:6      | Reached XP level 8. HP: 45/60 MP: 14/14
  9371 | D:6      | Identified the amulet of Ipezay Sicu {Will+ Regen+ Str+4
                  | Int+2 Dex+4}
  9991 | D:6      | Noticed a cyclops
 10000 | D:6      | Killed a cyclops
 10001 | D:6      | Reached XP level 9. HP: 66/66 MP: 9/16
 10908 | D:7      | Reached skill level 5 in Spellcasting
 11455 | D:7      | Noticed a troll
 11487 | D:7      | Killed a troll
 11820 | D:7      | Reached skill level 5 in Fighting
 13123 | D:8      | Reached skill level 5 in Invocations
 13329 | D:8      | Learned a level 3 spell: Summon Guardian Golem
 13807 | D:8      | Reached XP level 10. HP: 74/74 MP: 12/18
 14111 | D:8      | Found a shimmering altar of Xom.
 14111 | D:8      | Found the +7 mace of Variability {chain chaos}
 14399 | D:8      | Learned a level 3 spell: Call Canine Familiar
 14409 | D:8      | Learned a level 4 spell: Petrify
 14507 | D:9      | Found a staircase to the Orcish Mines.
 14518 | D:9      | Reached skill level 5 in Short Blades
 14518 | D:9      | Reached skill level 5 in Long Blades
 14518 | D:9      | Reached skill level 5 in Axes
 14518 | D:9      | Reached skill level 5 in Maces & Flails
 14518 | D:9      | Reached skill level 5 in Polearms
 14518 | D:9      | Reached skill level 5 in Staves
 14518 | D:9      | Reached skill level 5 in Slings
 14518 | D:9      | Reached skill level 5 in Bows
 14518 | D:9      | Reached skill level 5 in Throwing
 14518 | D:9      | Reached skill level 5 in Armour
 14518 | D:9      | Reached skill level 5 in Stealth
 14518 | D:9      | Reached skill level 5 in Shields
 14518 | D:9      | Reached skill level 5 in Unarmed Combat
 14518 | D:9      | Reached skill level 5 in Evocations
 15571 | D:9      | Identified the +3 chain mail "Plog" {Drain rF++ rC+}
 15646 | D:9      | Paralysed by a hornet for 2 turns
 16043 | Orc:1    | Entered Level 1 of the Orcish Mines
 16070 | Orc:1    | Noticed an orc knight
 16651 | Orc:1    | Killed an orc knight
 16896 | Orc:1    | Noticed an orc knight
 16904 | Orc:1    | Killed an orc knight
 17404 | Orc:2    | Entered Level 2 of the Orcish Mines
 17411 | Orc:2    | Noticed a cyclops
 17635 | Orc:1    | Reached XP level 11. HP: 78/83 MP: 12/20
 18106 | Orc:2    | Found a staircase to the Elven Halls.
 18693 | Orc:2    | Noticed Urug
 18697 | Orc:2    | Killed Urug
 18698 | Orc:2    | Reached skill level 5 in Conjurations
 18698 | Orc:2    | Reached skill level 5 in Summonings
 18698 | Orc:2    | Reached skill level 5 in Necromancy
 18698 | Orc:2    | Reached skill level 5 in Translocations
 18698 | Orc:2    | Reached skill level 5 in Transmutations
 18698 | Orc:2    | Reached skill level 5 in Fire Magic
 18698 | Orc:2    | Reached skill level 5 in Ice Magic
 18698 | Orc:2    | Reached skill level 5 in Air Magic
 18698 | Orc:2    | Reached skill level 5 in Earth Magic
 18698 | Orc:2    | Reached skill level 5 in Poison Magic
 18907 | Orc:2    | Noticed an orc sorcerer
 18925 | Orc:2    | Killed an orc sorcerer
 19188 | Orc:2    | Noticed an orc warlord
 19207 | Orc:2    | Noticed an orc sorcerer
 19216 | Orc:2    | Killed an orc sorcerer
 19218 | Orc:2    | Killed an orc warlord
 19535 | Orc:2    | Killed a cyclops
 26156 | Orc:2    | Noticed an orc knight
 26456 | Orc:2    | Noticed an orc high priest
 26892 | Orc:2    | Shot with a bolt by an orc knight

Illustrated notes

Levels and vault maps discovered:
D:1:      shiori_shiawase, layout_basic
D:2:      layout_basic, basic_altar, basic_ecumenical_altar, minmay_pentomino_p2
D:3:      layout_basic, general_overflow_altar, biasface_ghost_orc_armoury
D:4:      layout_loops_corners, minmay_temple_entry_antechambers
D:5:      layout_basic
D:6:      layout_loops_ring
D:7:      layout_gridville
D:8:      layout_layer_cave, minmay_guarded_unrand_variability
D:9:      layout_loops_corners, orc_0_dummy
Temple:   compressed_dpeg_circular_temple
Orc:1:    layout_caves
Orc:2:    st_orc_rangers, layout_caves, kennysheep_orc_chapel, uniq_urug

Skill      XL: |  1  2  3  4  5  6  7  8  9 10 11 |
---------------+----------------------------------+-----
Invocations    | 1 2 3 4 5 6 7 |  7.3
Short Blades   | 1 2 3 4 5 6 |  6.7
Long Blades    | 1 2 3 4 5 6 |  6.7
Axes           | 1 2 3 4 5 6 |  6.7
Maces & Flails | 1 2 3 4 5 6 |  6.7
Polearms       | 1 2 3 4 5 6 |  6.7
Staves         | 1 2 3 4 5 6 |  6.7
Slings         | 1 2 3 4 5 6 |  6.7
Bows           | 1 2 3 4 5 6 |  6.7
Throwing       | 1 2 3 4 5 6 |  6.7
Armour         | 1 2 3 4 5 6 |  6.7
Stealth        | 1 2 3 4 5 6 |  6.7
Shields        | 1 2 3 4 5 6 |  6.7
Unarmed Combat | 1 2 3 4 5 6 |  6.7
Spellcasting   | 3 4 5 6 7 |  7.3
Evocations     | 1 2 3 4 5 6 |  6.7
Conjurations   | 1 2 3 4 5 |  5.5
Summonings     | 1 2 3 4 5 |  5.5
Necromancy     | 1 2 3 4 5 |  5.5
Translocations | 1 2 3 4 5 |  5.5
Transmutations | 1 2 3 4 5 |  5.5
Fire Magic     | 1 2 3 4 5 |  5.5
Ice Magic      | 1 2 3 4 5 |  5.5
Air Magic      | 1 2 3 4 5 |  5.5
Earth Magic    | 1 2 3 4 5 |  5.5
Poison Magic   | 1 2 3 4 5 |  5.5
Fighting       | 3 4 5 6 7 |  7.2
Crossbows      | 5 6 7 8 |  8.2
Dodging        | 5 6 7 8 |  8.2
Hexes          | 6 7 |  7.9

Action                   |  1- 3 |  4- 6 |  7- 9 | 10-12 || total
-------------------------+-------+-------+-------+-------++-------
Melee: Short sword       |     8 |       |       |       ||     8
       Mace              |       |     9 |       |       ||     9
       Flail             |       |    12 |   117 |   106 ||   235
       Bite              |       |       |    19 |     9 ||    28
       Whip              |       |       |    19 |    38 ||    57
 Fire: Hand crossbow     |    63 |   124 |   169 |    97 ||   453
       Hunting sling     |       |       |       |     2 ||     2
Throw: Dart              |       |    13 |     3 |    27 ||    43
 Cast: Corona            |    34 |    45 |    22 |    14 ||   115
       Slow              |       |     5 |    22 |    10 ||    37
       Inner Flame       |       |     1 |    44 |    46 ||    91
       Summon Guardian G |       |       |     1 |    44 ||    45
       Portal Projectile |       |       |     1 |     8 ||     9
       Call Canine Famil |       |       |       |    45 ||    45
Evoke: Wand              |       |     2 |       |     6 ||     8
  Use: Scroll            |       |       |     6 |     4 ||    10
       Potion            |       |       |     2 |     2 ||     4
 Stab: Distracted        |       |       |       |     1 ||     1
       Sleeping          |       |       |       |     1 ||     1
Armor: Robe              |    11 |    25 |    68 |    29 ||   133
       Leather armour    |       |       |       |     3 ||     3
Dodge: Dodged            |    23 |    60 |   122 |   246 ||   451
Block: Buckler           |       |    14 |    51 |    92 ||   157
